 Dungeon Crawl Stone Soup version 0.17-a0-1582-ge6b0260 (webtiles) character file.

3276 Chiseanne the Fighter (level 9, 0/74 HPs)
             Began as a Demonspawn Wanderer on July 27, 2015.
             Was an Initiate of Gozag.
             Slain by an orc warrior
             ... wielding a +0 trident
              (9 damage)
             ... on level 8 of the Dungeon.
             The game lasted 00:25:46 (6726 turns).

Chiseanne the Fighter (Demonspawn Wanderer)         Turns: 6726, Time: 00:25:46

Health: 0/74       AC: 12    Str: 15    XL:     9   Next: 68%
Magic:  11/11      EV: 16    Int: 13    God:    Gozag
Gold:   651        SH:  0    Dex: 14    Spells: 0 memorised, 11 levels left

rFire  + . .     SeeInvis .     e - +2 hand crossbow
rCold  . . .     Clarity  .     q - +2 leather armour {rC+}
rNeg   . . .     SustAt   .     (no shield)
rPois  .         Gourm    .     r - +1 helmet
rElec  .         Spirit   .     v - +0 cloak
rCorr  .         Warding  .     E - +0 pair of gloves
rMut   .         Stasis   .     y - +0 pair of boots
MR     .....                    (no amulet)
Stlth  +.........               (no ring)
                                A - ring of fire

@: not resistant to hostile enchantments, very unstealthy
A: hooves 2, icy blue scales 1, powered by death 2
a: Potion Petition, Call Merchant, Bribe Branch, Renounce Religion


You were on level 8 of the Dungeon.
You worshipped Gozag.
Gozag was noncommittal.
You were not hungry.

You visited 2 branches of the dungeon, and saw 10 of its levels.

You collected 1185 gold pieces.
You paid 534 gold pieces to Gozag.

Inventory:

Hand weapons
 a - a +3 dagger of speed
 d - a +1 whip of flaming
 e - a +2 hand crossbow (weapon)
 s - a +1 whip of venom
 L - a +0 broad axe
Missiles
 b - 44 bolts (quivered)
 j - 15 bolts of flame
 l - 48 poisoned needles
 m - 5 tomahawks
 o - 121 arrows
 t - 19 bolts of frost
 z - 34 sling bullets
 D - 7 javelins
 I - 2 throwing nets
 J - 15 poisoned bolts
Armour
 q - a +2 leather armour of cold resistance (worn)
 r - a +1 helmet (worn)
 v - a +0 cloak (worn)
 x - a cursed -2 ring mail
 y - a +0 pair of boots (worn)
 E - a +0 pair of gloves (worn)
 F - a +0 large shield
Jewellery
 A - a ring of fire (left hand)
 B - a cursed ring of teleportation
Magical devices
 g - a wand of heal wounds (4)
 k - a wand of confusion (4)
 H - a wand of enslavement (7)
 K - a wand of lightning (5)
Scrolls
 w - a scroll of fear
 M - a scroll of immolation {unknown}
 N - a scroll of identify
Potions
 c - 2 potions of ambrosia
 h - a potion of invisibility {unknown}
 i - a potion of brilliance
 n - a potion of lignification
 p - 2 potions of poison {unknown}
 G - 2 potions of curing
Books
 C - a book of the Sky

   Spells                             Type                      Level
   a - Summon Lightning Spire         Summoning/Air                4
   b - Airstrike                      Air                          4
   c - Silence                        Hexes/Air                    5
   d - Deflect Missiles               Charms/Air                   6
   e - Conjure Ball Lightning         Conjuration/Air              6
   f - Tornado                        Air                          9
Comestibles
 f - 7 bread rations
 u - 2 meat rations


   Skills:
 * Level 8.1 Fighting
 - Level 1.0 Axes
 - Level 5.2 Crossbows
 - Level 4.8 Armour
 * Level 7.9 Dodging
 - Level 1.0 Stealth
 + Level 1.5 Spellcasting
 - Level 1.0 Evocations


You had 11 spell levels left.
You didn't know any spells.

Dungeon Overview and Level Annotations

Branches:
Dungeon (9/15)             Temple (1/1) D:4
   Lair: D:8-11         Orc: D:9-12

Altars:
Ashenzari
Cheibriados
Dithmenos
Elyvilon
Fedhas
Gozag
Kikubaaqudgha
Makhleb
Nemelex Xobeh
Okawaru
Qazlal
Ru
Sif Muna
Trog
Vehumet
Xom
Yredelemnul
Zin
The Shining One

Shops:
D:10 (

Annotations:
D:9 Chiseanne's ghost, experienced DsWn


Innate Abilities, Weirdness & Mutations

You have hoof-like feet.
You are partially covered in icy blue scales (AC +1).
You regenerate health from kills.


Message History

Aim: an orc warrior, wielding a trident and wearing a plate armour (severely wounded)
You shoot a bolt.
The bolt completely misses the orc warrior.
The bolt hits the orc wizard.
The orc wizard is lightly wounded.
The orc warrior hits you but does no damage.
The orc wizard casts a spell.
The orc wizard flickers and vanishes!
Deactivating autopickup; reactivate with Ctrl-A.
Firing (i - inventory. (,) - cycle):
b - 45 bolts (quivered)
Press: ? - help, Shift-Dir - straight line, f/p - orc warrior
Aim: an orc warrior, wielding a trident and wearing a plate armour (severely wounded)
You shoot a bolt.
The bolt hits the orc warrior but does no damage.
The orc warrior is severely wounded.
The orc warrior hits you from afar with a trident!!
* * * LOW HITPOINT WARNING * * *
The orc warrior hits you from afar with a trident!
You die...
Your body crumbles into a pile of gold.

......##
##....#...............#.
.......#
####.#..........#......
......## #.#..........######.
.#########
#.#..........####... .#
##...## #...>...............
.####.....##
###{#.......####....
..##.......# #o#####.###
#..##. ...........#####.# #..#
#.####
#..............#@######.## #.#
###......................###.#
#
#.........######..#####.(.#.[#
# ...#.......# ##..###
##)..)##### ...........#
#.....# ##..[.)....
...........#
#.###.###..........
.........<## #.#
#.?........<.## .....#...##
#.# #####.(......# .....##.##
##.# #........#


You could see an orc warrior.

Vanquished Creatures
  Pikel (D:6)
  Grinder (D:5)
  An orc warrior (D:8)
  A centaur (D:6)
  2 water moccasins
  Duvessa (D:5)
  A sky beast (D:8)
  3 ice beasts
  2 ogres
  5 giant frogs
  A big kobold (D:7)
  Dowan (D:5)
  3 scorpions
  4 hounds
  3 crimson imps
  3 orc priests
  3 orc wizards
  2 centaur skeletons
  2 iguanas
  Natasha (thrice) (D:3)
  5 worker ants
  A hound skeleton (D:8)
  Robin (D:2)
  A gnoll (D:4)
  A worker ant zombie (D:8)
  8 adders
  A shadow imp (D:7)
  2 adder skeletons (D:4)
  2 adder zombies (D:8)
  A worm (D:2)
  20 orcs
  A bat skeleton (D:6)
  A bat zombie (D:5)
  8 giant cockroaches
  17 hobgoblins
  15 jackals
  10 kobolds
  2 quokkas
  A ball python (D:2)
  11 bats
  2 giant geckos (D:3)
  A giant gecko skeleton (D:4)
  2 giant newts
  16 goblins
  A jackal skeleton (D:5)
  9 rats
183 creatures vanquished.

Vanquished Creatures (collateral kills)
  A worker ant (D:8)
  An adder zombie (D:8)
  A hobgoblin (D:8)
3 creatures vanquished.

Vanquished Creatures (others)
  A slave (D:6)
  An ice beast (D:8)
  A quasit (D:8)
  2 adders (D:6)
  A shadow imp (D:6)
  3 orcs
  A quokka (D:6)
  A goblin (D:6)
  A rat (D:6)
12 creatures vanquished.

Grand Total: 198 creatures vanquished

Notes
Turn   | Place    | Note
--------------------------------------------------------------
     0 | D:1      | Chiseanne the Demonspawn Wanderer began the quest for the Orb.
     0 | D:1      | Chiseanne set off with: a +2 hand crossbow, 24 bolts, a +0 ring mail, a potion of curing, a bread ration
     0 | D:1      | Reached XP level 1. HP: 19/19 MP: 1/1
   540 | D:2      | Gained mutation: You have large cloven feet. [demonic ancestry]
   540 | D:2      | Reached XP level 2. HP: 23/25 MP: 2/2
   717 | D:2      | Noticed Robin
   769 | D:2      | Killed Robin
   769 | D:2      | Reached skill level 1 in Dodging
   769 | D:2      | Gained mutation: You regenerate a little health from kills. [demonic ancestry]
   769 | D:2      | Reached XP level 3. HP: 16/30 MP: 3/3
  1248 | D:3      | Noticed Natasha
  1272 | D:3      | Killed Natasha
  1272 | D:3      | Reached XP level 4. HP: 26/38 MP: 4/4
  1305 | D:3      | Noticed Natasha
  1316 | D:3      | Killed Natasha
  1554 | D:3      | Noticed Natasha
  1563 | D:3      | Killed Natasha
  1619 | D:3      | Reached XP level 5. HP: 26/43 MP: 5/5
  1893 | D:4      | Reached XP level 6. HP: 29/50 MP: 6/6
  2018 | D:4      | Reached skill level 5 in Fighting
  2061 | D:4      | Found a staircase to the Ecumenical Temple.
  2098 | Temple   | Entered the Ecumenical Temple
  2196 | Temple   | Became a worshipper of Gozag Ym Sagoz the Greedy
  2224 | D:4      | Noticed an ogre
  2239 | D:4      | Found a shadowy altar of Dithmenos.
  2250 | D:4      | HP: 1/51 [ogre/giant club (24)]
  2562 | D:4      | Killed an ogre
  2646 | D:4      | Gained mutation: You have hoof-like feet. [demonic ancestry]
  2646 | D:4      | Reached XP level 7. HP: 45/56 MP: 7/7
  3119 | D:5      | Entered Level 5 of the Dungeon
  3301 | D:5      | Found a basalt altar of Yredelemnul.
  3306 | D:5      | Found a glowing golden altar of the Shining One.
  3444 | D:5      | Found a blossoming altar of Fedhas.
  3502 | D:5      | Noticed Grinder
  3538 | D:5      | Paralysed by Grinder for 5 turns
  3561 | D:5      | Killed Grinder
  3855 | D:5      | Gained mutation: You regenerate health from kills. [demonic ancestry]
  3855 | D:5      | Reached XP level 8. HP: 44/64 MP: 8/8
  3982 | D:5      | Noticed Dowan
  3984 | D:5      | Noticed Duvessa
  3999 | D:5      | Killed Duvessa
  3999 | D:5      | Reached skill level 6 in Fighting
  3999 | D:5      | Killed Dowan
  4153 | D:5      | Noticed an angel
  4181 | D:6      | Noticed Pikel
  4201 | D:6      | HP: 3/64 [slave[Pikel] (4)]
  4202 | D:6      | Killed Pikel
  4202 | D:6      | Reached skill level 5 in Dodging
  4516 | D:6      | Found a shadowy altar of Dithmenos.
  4773 | D:6      | Reached skill level 5 in Crossbows
  4818 | D:6      | Gained mutation: You are partially covered in icy blue scales (AC +1). [demonic ancestry]
  4818 | D:6      | Reached XP level 9. HP: 71/71 MP: 9/9
  5110 | D:6      | Found an ancient bone altar of Kikubaaqudgha.
  5112 | D:6      | Found a stormy altar of Qazlal.
  5468 | D:7      | Reached skill level 7 in Fighting
  5479 | D:7      | Found a deep blue altar of Sif Muna.
  5780 | D:7      | Found a shattered altar of Ashenzari.
  6294 | D:8      | Reached skill level 1 in Spellcasting
  6448 | D:8      | Reached skill level 8 in Fighting
  6709 | D:9      | Noticed Chiseanne's ghost (experienced DsWn)
  6726 | D:8      | Slain by an orc warrior

Vault maps used:
D:1:      dpeg_arrival_oval
D:2:      uniq_robin
D:3:      uniq_natasha
D:4:      overflow_temple_1_default, temple_fountains, first_bread
D:5:      grunt_temple_overflow_holy_war, basic_altar, uniq_grinder,
          uniq_duvessa
D:6:      nicolae_overflow_hidden_temple, grunt_dithmenos_smoke, uniq_pikel
D:7:      old_standard_altar, cheibrodos_ashenzari_chains
D:9:      kennysheep_big_flooded_room, serial_shops, shop
Temple:   circular_temple_12

Action                   |  1- 3 |  4- 6 |  7- 9 || total
-------------------------+-------+-------+-------++-------
Melee: Dagger            |    76 |   369 |   245 ||   690
       Rapier            |    77 |       |       ||    77
       Whip              |       |       |   172 ||   172
 Fire: Hand crossbow     |     2 |    13 |    75 ||    90
Invok: Call Merchant     |       |       |     1 ||     1
Evoke: Wand              |       |    14 |     7 ||    21
  Use: Potion            |     3 |       |       ||     3
       Scroll            |     8 |     5 |     6 ||    19
 Stab: Confused          |       |     1 |       ||     1
       Sleeping          |       |       |     2 ||     2
       Distracted        |       |       |     2 ||     2
  Eat: Chunk             |     1 |     4 |       ||     5
       Bread ration      |       |     1 |     3 ||     4
